AoeStats
← randallwood2nd

Black Forest

505164792Analyzed
2v2 RM · 24d ago on Sep 8, 2026· 18m 58s· 4 players
Game mode
Random Map
Map size
Medium (4 player)
Population
200
Speed
Normal
Resources
Standard
Victory
Conquest
Starting age
Dark Age
Ending age
Imperial Age
RankedLock teamsTeams togetherTeam positionsShared explorationLock speedFull tech treeHidden civsTurbo modeCheats
Victory
Defeat
🇨🇴 Poles · Colombia
632
+4
🇺🇸 Aztecs · United States
525
+6
🇺🇸 Britons · United States
286
-5
🇦🇺 Burgundians · Australia
281
-5
Kennyccc222
randallwood2nd
squatcho
7:45 Loom
14:47 Feudal Age
15:44 Man-at-Arms
Fercho083
0:25 Loom
11:46 Feudal Age
12:17 Double-Bit Axe
15:39 Horse Collar
20:45 Castle Age
Connection lost

Rejoining the realm…

Still unreachable

The connection could not be restored.

Session expired

The server has moved on; the page needs a fresh start.